 Dungeon Crawl Stone Soup version 0.23.2-1-ga50397a6bc (webtiles) character file.

Game seed: 4488499375088916864

737 Ethylacetat the Poker (level 7, -4/56 HPs)
             Began as a Demonspawn Gladiator on Apr 23, 2019.
             Slain by a worker ant (6 damage)
             ... on level 4 of the Dungeon.
             The game lasted 00:13:35 (4151 turns).

Ethylacetat the Poker (Demonspawn Gladiator)        Turns: 4151, Time: 00:13:36

Health: -4/56      AC:  3    Str: 15    XL:     7   Next: 46%
Magic:  0/7        EV: 13    Int:  9    God:
Gold:   185        SH:  0    Dex: 16    Spells: 6/6 levels left

rFire    . . .     SeeInvis +   a - +0 trident
rCold    . . .     Gourm    .   (no shield)
rNeg     . . .     Faith    .   b - +0 leather armour
rPois    .         Spirit   +   (helmet restricted)
rElec    .         Reflect  .   (no cloak)
rCorr    .         Harm     .   (no gloves)
MR       .....                  (no boots)
Stlth    +.........             u - amulet of rage
HPRegen  0.18/turn              g - ring of see invisible
MPRegen  0.10/turn              (no ring)

@: lethally poisoned (-4 -> -8)
A: horns 2, powered by death 1, magic shield
a: Evoke Berserk Rage


You were on level 4 of the Dungeon.
You were not hungry.

You visited 1 branch of the dungeon, and saw 5 of its levels.

You collected 185 gold pieces.

Inventory:

Hand Weapons
 a - a +0 trident (weapon)
Missiles
 d - 2 throwing nets (quivered)
Armour
 b - a +0 leather armour (worn)
Jewellery
 g - a ring of see invisible (left hand)
 u - an amulet of rage (around neck)
 y - an uncursed ring of flight
Scrolls
 e - 2 scrolls of enchant armour {unknown}
 h - 5 scrolls of teleportation {unknown}
 j - 2 scrolls of blinking {unknown}
 k - a scroll of immolation {unknown}
 l - 7 scrolls of identify {unknown}
 n - a scroll of enchant weapon {unknown}
 p - 3 scrolls of remove curse {unknown}
 r - a scroll of fear {unknown}
 v - a scroll of magic mapping {unknown}
Potions
 c - a potion of mutation {unknown}
 i - 2 potions of might {unknown}
 q - 2 potions of brilliance {unknown}
 s - a potion of invisibility
 t - 2 potions of lignification {unknown}
 w - 2 potions of degeneration {unknown}
Comestibles
 f - 6 rations


   Skills:
 + Level 5.0 Fighting
 * Level 6.8 Polearms
 - Level 1.7 Throwing
 - Level 2.6 Dodging


You had 6 spell levels left.
You didn't know any spells.
Your spell library was empty.

Dungeon Overview and Level Annotations

Branches:
Dungeon (5/15)
 Temple: D:4-7

Altars:
Dithmenos
Zin

Annotations:
D:3 1 runed translucent door


Innate Abilities, Weirdness & Mutations

You have a pair of horns on your head.
You regenerate a little health from kills.
When hurt, damage is shared between your health and your magic reserves.


Message History

The crimson imp blinks!
You barely miss the centaur. Your headbutt misses the centaur.
The centaur is heavily wounded.
The centaur hits you.
* * * LOW HITPOINT WARNING * * *
The worker ant bites you!
* * * LOW HITPOINT WARNING * * *
The centaur closely misses you.
Unknown command.
You hit the centaur but do no damage.
The centaur is heavily wounded.
The centaur barely misses you. The worker ant bites you!
* * * LOW HITPOINT WARNING * * *
You are lethally poisoned!
The worker ant poisons you!
You hit the centaur but do no damage.
The centaur is heavily wounded.
* * * LOW HITPOINT WARNING * * *
You feel sick. The centaur misses you. The worker ant bites you.
You die...

....##(............#
...###.##.##.###.#)##
...###.##.......###)#
.....#.#####.###.#5##
.....#.#####.# ##.##
.....#.......####.#
...###########.s..#
..###.....###.#a###
..###.....##.###@##
..........#.## ##c##
..###......## ##ยง#
...##.....#.## ##.##
>..#########.###.##
...##### ##.#.##
#......# ##.##
#.####.#######.#
#.####.........#


You could see a centaur, a scorpion and a worker ant.

Vanquished Creatures
  The ghost of lenfi the Poker, an amateur MfFi (D:3)
  A hound (D:4)
  3 orc priests
  2 orc wizards (D:4)
  A gnoll shaman (D:4)
  Natasha (thrice) (D:3)
  3 worker ants (D:4)
  8 adders
  5 gnolls (D:4)
  2 oozes (D:3)
  A worm (D:3)
  3 dart slugs
  3 leopard geckos
  21 orcs
  7 bats
  7 giant cockroaches
  8 hobgoblins
  A quokka (D:3)
  A ball python (D:3)
  7 frilled lizards
  11 goblins
  7 kobolds
  10 rats
116 creatures vanquished.

Notes
Turn   | Place    | Note
-------+----------+-------------------------------------------
     0 | D:1      | Ethylacetat the Demonspawn Gladiator began the quest for
                  | the Orb.
     0 | D:1      | Reached XP level 1. HP: 16/16 MP: 1/1
    55 | D:1      | Reached skill level 3 in Polearms
    76 | D:1      | Gained mutation: You regenerate a little health from kills.
                  | [demonic ancestry]
    76 | D:1      | Reached XP level 2. HP: 19/22 MP: 2/2
   258 | D:1      | Reached XP level 3. HP: 20/28 MP: 3/3
   964 | D:2      | Reached skill level 4 in Polearms
  1115 | D:2      | Gained mutation: When hurt, damage is shared between your
                  | health and your magic reserves. [demonic ancestry]
  1115 | D:2      | Reached XP level 4. HP: 33/34 MP: 4/4
  1132 | D:2      | Found a glowing silver altar of Zin.
  1423 | D:3      | Noticed Natasha
  1430 | D:3      | Killed Natasha
  1668 | D:3      | Noticed Natasha
  1672 | D:3      | Reached XP level 5. HP: 25/41 MP: 3/5
  1693 | D:3      | Killed Natasha
  1875 | D:3      | Noticed Natasha
  1891 | D:3      | Killed Natasha
  1896 | D:3      | Reached skill level 5 in Polearms
  2538 | D:3      | Found a runed translucent door.
  2544 | D:3      | Noticed lenfi's ghost (amateur MfFi)
  2561 | D:3      | Found a runed translucent door.
  2637 | D:3      | Killed lenfi's ghost
  2637 | D:3      | Gained mutation: You have a pair of small horns on your
                  | head. [demonic ancestry]
  2637 | D:3      | Reached XP level 6. HP: 28/48 MP: 0/6
  2838 | D:4      | Reached skill level 6 in Polearms
  3059 | D:4      | Gained mutation: You have a pair of horns on your head.
                  | [demonic ancestry]
  3059 | D:4      | Reached XP level 7. HP: 53/55 MP: 4/7
  3149 | D:4      | Found a shadowy altar of Dithmenos.
  3580 | D:4      | Got a clouded brass ring
  3647 | D:4      | Identified the ring "Fuebriops" {*Tele rElec rPois rN++
                  | MR-} (You found it on level 4 of the Dungeon)
  3812 | D:5      | Entered Level 5 of the Dungeon
  3824 | D:5      | Noticed a +0 dagger
  3825 | D:5      | Noticed a +0 hand axe
  3842 | D:4      | HP: 2/55 [worker ant (7)]
  3850 | D:4      | Reached skill level 5 in Fighting
  3852 | D:4      | HP: 1/56 [worker ant (4)]
  4150 | D:4      | HP: 2/56 [worker ant (6)]
  4151 | D:4      | Slain by a worker ant

Skill      XL: |  1  2  3  4  5  6  7 |
---------------+----------------------+-----
Polearms       | 3 4 5 6 |  6.8
Fighting       | 3 4 5 |  5.0
Throwing       | |  1.7
Dodging        | |  2.6

Action                   |  1- 3 |  4- 6 |  7- 9 || total
-------------------------+-------+-------+-------++-------
Melee: Trident           |   145 |   232 |    82 ||   459
       Headbutt          |       |    10 |    13 ||    23
Throw: Throwing net      |       |       |     1 ||     1
  Use: Potion            |       |     5 |     3 ||     8
 Stab: Sleeping          |       |     5 |       ||     5
  Eat: Chunk             |     1 |     6 |     4 ||    11
Armor: Leather armour    |    36 |    29 |    10 ||    75
Dodge: Dodged            |    79 |   106 |    71 ||   256
